[ AOE2 MATCH · #478103774 ]
UnrankedKhitans vs Mapuche
[ REPLAY ANALYSIS · EXTRACTED FROM THE RECORDED GAME ]
Feudal
8:17
Castle
20:33
Imperial
38:32
| APM avg | 67.2 |
| APM peak | 127 |
| eAPM avg | 43.9 |
| Villagers / military | 150 / 25 |
Focus
⚔️ 53.4% · 🌾 46.6%
Camel Scout ×14 · Monk ×8 · Unknown (1920) ×4 · Spearman ×1 · Steppe Lancer ×1 · Cavalry Archer ×1
Feudal
10:54
Castle
14:27
Imperial
29:38
| APM avg | 39.5 |
| APM peak | 80 |
| eAPM avg | 25.4 |
| Villagers / military | 128 / 84 |
Focus
⚔️ 20.1% · 🌾 79.9%
Archer ×35 · Karambit Warrior ×26 · Monk ×17 · Trebuchet (Packed) ×4 · Petard ×2
Feudal
—
Castle
—
Imperial
—
| APM avg | 44.5 |
| APM peak | 91 |
| eAPM avg | 22.1 |
| Villagers / military | 170 / 65 |
Focus
⚔️ 26.0% · 🌾 74.0%
Bolas Rider ×31 · Kona ×20 · Petard ×8 · Trebuchet (Packed) ×4 · Mangonel ×1 · Spearman ×1
Feudal
11:28
Castle
15:22
Imperial
32:52
| APM avg | 38.8 |
| APM peak | 102 |
| eAPM avg | 23.0 |
| Villagers / military | 163 / 108 |
Focus
⚔️ 29.2% · 🌾 70.8%
Hand Cannoneer ×45 · Flemish Militia ×20 · Coustillier ×12 · Knight ×10 · Bombard Cannon ×8 · Scout Cavalry ×6
Match map
Initial resources + every placement click. Lines = walls · curves = elevation contours. ◆ gold · ⬟ stone · ● berries · ✦ relic · ◌ wall gap
Your base· ✓ Closed at 20:33 · 25t walls · 5 gate(s)
CTM | KanChon's base· ✓ Closed at 14:27 · 0t walls · 3 gate(s)
CTMl cachi's base· ✓ Closed at 11:52 · 9t walls · 3 gate(s)
CTM | Carpincho's base· ✓ Closed at 15:22 · 0t walls · 3 gate(s)
Smoothed initial terrain · ◌ = detected wall gap · hover for details
Inputs per minute
— CTM | SMH - - CTM | KanChon
Build order — CTM | SMH
First 150 of 327 actions detected
| 0:01 | Queue | Villager (Male) |
| 0:01 | Queue | Villager (Male) |
| 0:02 | Queue | Villager (Male) |
| 0:02 | Queue | Villager (Male) |
| 0:02 | Build | House |
| 0:04 | Build | House |
| 1:27 | Queue | Villager (Male) |
| 1:48 | Build | Lumber Camp |
| 1:57 | Queue | Villager (Male) |
| 2:06 | Queue | Villager (Male) |
| 2:06 | Queue | Villager (Male) |
| 2:26 | Queue | Villager (Male) |
| 2:44 | Queue | Villager (Male) |
| 3:02 | Queue | Villager (Male) |
| 3:12 | Queue | Villager (Male) |
| 3:12 | Queue | Villager (Male) |
| 3:33 | Queue | Villager (Male) |
| 3:51 | Build | House |
| 4:14 | Queue | Villager (Male) |
| 4:16 | Queue | Villager (Male) |
| 5:22 | Build | Mining Camp |
| 5:39 | Research | Loom |
| 5:57 | Research | Loom |
| 6:07 | Research | Feudal Age |
| 6:46 | Research | Loom |
| 6:47 | Queue | Villager (Male) |
| 7:23 | Build | House |
| 8:17 | Age | Feudal Age |
| 8:18 | Build | Watch Tower |
| 8:20 | Queue | Villager (Male) |
| 8:22 | Research | Double-Bit Axe |
| 8:30 | Queue | Villager (Male) |
| 8:49 | Queue | Villager (Male) |
| 9:30 | Build | Mill |
| 9:32 | Queue | Villager (Male) |
| 9:57 | Queue | Villager (Male) |
| 10:01 | Build | Pasture |
| 10:30 | Queue | Villager (Male) |
| 10:56 | Queue | Villager (Male) |
| 11:07 | Queue | Villager (Male) |
| 11:11 | Build | Watch Tower |
| 11:23 | Build | Watch Tower |
| 11:27 | Queue | Villager (Male) |
| 11:33 | Build | House |
| 11:36 | Research | Town Watch |
| 11:40 | Queue | Villager (Male) |
| 11:41 | Queue | Villager (Male) |
| 11:44 | Build | Pasture |
| 11:53 | Queue | Villager (Male) |
| 12:10 | Queue | Villager (Male) |
| 12:29 | Queue | Villager (Male) |
| 12:37 | Build | Pasture |
| 12:51 | Queue | Villager (Male) |
| 12:57 | Build | House |
| 13:10 | Build | Gate |
| 13:15 | Queue | Villager (Male) |
| 13:15 | Queue | Villager (Male) |
| 13:15 | Queue | Villager (Male) |
| 13:27 | Queue | Villager (Male) |
| 13:49 | Queue | Villager (Male) |
| 13:50 | Queue | Villager (Male) |
| 13:53 | Build | Pasture |
| 14:08 | Queue | Villager (Male) |
| 14:15 | Queue | Villager (Male) |
| 14:16 | Queue | Villager (Male) |
| 14:24 | Queue | Villager (Male) |
| 14:24 | Queue | Villager (Male) |
| 14:37 | Queue | Villager (Male) |
| 14:37 | Queue | Villager (Male) |
| 14:40 | Build | Mining Camp |
| 15:37 | Build | House |
| 15:47 | Queue | Villager (Male) |
| 16:17 | Queue | Villager (Male) |
| 16:20 | Build | Blacksmith |
| 16:33 | Queue | Villager (Male) |
| 17:00 | Build | Stone Wall |
| 17:05 | Build | Stone Wall |
| 17:07 | Build | Stone Wall |
| 17:07 | Build | Stone Wall |
| 17:22 | Build | Market |
| 17:24 | Queue | Villager (Male) |
| 17:36 | Queue | Villager (Male) |
| 17:50 | Research | Castle Age |
| 18:00 | Build | Outpost |
| 18:05 | Build | House |
| 18:16 | Build | Stone Wall |
| 18:32 | Build | Watch Tower |
| 18:36 | Build | Stone Wall |
| 18:37 | Build | Stone Wall |
| 18:40 | Build | Gate |
| 18:42 | Build | House |
| 18:43 | Build | House |
| 18:47 | Build | Stone Wall |
| 18:48 | Build | Stone Wall |
| 18:50 | Build | Stone Wall |
| 18:51 | Build | Stone Wall |
| 19:04 | Build | Stone Wall |
| 19:15 | Queue | Villager (Male) |
| 19:17 | Queue | Villager (Male) |
| 19:23 | Build | Stone Wall |
| 19:25 | Build | Stone Wall |
| 19:28 | Build | Stone Wall |
| 19:31 | Queue | Villager (Male) |
| 19:37 | Build | Stone Wall |
| 19:38 | Build | Stone Wall |
| 19:39 | Build | Stone Wall |
| 19:41 | Build | Stone Wall |
| 19:42 | Build | Stone Wall |
| 19:45 | Queue | Villager (Male) |
| 20:05 | Queue | Villager (Male) |
| 20:10 | Queue | Villager (Male) |
| 20:33 | Age | Castle Age |
| 20:42 | Build | Monastery |
| 21:01 | Build | University |
| 21:08 | Build | Monastery |
| 21:16 | Queue | Monk |
| 21:24 | Queue | Villager (Male) |
| 21:24 | Queue | Villager (Male) |
| 21:25 | Queue | Villager (Male) |
| 21:25 | Queue | Villager (Male) |
| 21:25 | Queue | Villager (Male) |
| 21:25 | Queue | Villager (Male) |
| 21:25 | Queue | Villager (Male) |
| 21:39 | Build | Mining Camp |
| 21:40 | Queue | Villager (Male) |
| 21:47 | Queue | Villager (Male) |
| 21:47 | Queue | Villager (Male) |
| 21:47 | Queue | Villager (Male) |
| 21:47 | Queue | Villager (Male) |
| 21:47 | Queue | Villager (Male) |
| 21:48 | Queue | Villager (Male) |
| 21:48 | Queue | Villager (Male) |
| 21:48 | Queue | Villager (Male) |
| 21:50 | Queue | Monk |
| 21:55 | Queue | Monk |
| 22:04 | Build | House |
| 22:25 | Build | Mining Camp |
| 22:27 | Queue | Monk |
| 22:43 | Build | House |
| 22:57 | Queue | Monk |
| 22:57 | Queue | Monk |
| 23:21 | Queue | Monk |
| 23:36 | Queue | Monk |
| 23:45 | Queue | Villager (Male) |
| 23:48 | Build | Market |
| 24:27 | Queue | Villager (Male) |
| 25:58 | Build | Castle |
| 26:26 | Build | Pasture |
| 26:29 | Build | Town Center |
| 26:42 | Research | Caravan |
Build order — CTM | KanChon
First 150 of 293 actions detected
| 0:01 | Queue | Villager (Male) |
| 0:02 | Queue | Villager (Male) |
| 0:03 | Build | House |
| 0:04 | Build | House |
| 0:12 | Queue | Villager (Male) |
| 0:13 | Queue | Villager (Male) |
| 1:24 | Queue | Villager (Male) |
| 1:24 | Queue | Villager (Male) |
| 1:46 | Build | Lumber Camp |
| 1:55 | Queue | Villager (Male) |
| 1:55 | Queue | Villager (Male) |
| 2:14 | Queue | Villager (Male) |
| 2:14 | Queue | Villager (Male) |
| 2:35 | Queue | Villager (Male) |
| 2:36 | Queue | Villager (Male) |
| 3:02 | Queue | Villager (Male) |
| 3:02 | Queue | Villager (Male) |
| 3:31 | Queue | Villager (Male) |
| 3:32 | Queue | Villager (Male) |
| 3:54 | Build | House |
| 3:55 | Build | House |
| 4:00 | Queue | Villager (Male) |
| 4:00 | Queue | Villager (Male) |
| 4:16 | Build | House |
| 4:19 | Queue | Villager (Male) |
| 4:19 | Queue | Villager (Male) |
| 4:40 | Queue | Villager (Male) |
| 4:41 | Queue | Villager (Male) |
| 4:51 | Queue | Villager (Male) |
| 4:52 | Queue | Villager (Male) |
| 5:21 | Queue | Villager (Male) |
| 5:33 | Build | Mill |
| 5:41 | Queue | Villager (Male) |
| 5:41 | Queue | Villager (Male) |
| 6:03 | Queue | Villager (Male) |
| 6:12 | Queue | Villager (Male) |
| 6:21 | Queue | Villager (Male) |
| 6:53 | Queue | Villager (Male) |
| 7:13 | Build | Mining Camp |
| 7:41 | Queue | Villager (Male) |
| 7:46 | Build | Farm |
| 7:49 | Build | Farm |
| 8:01 | Queue | Villager (Male) |
| 8:30 | Queue | Villager (Male) |
| 8:50 | Research | Feudal Age |
| 9:15 | Build | Mining Camp |
| 9:22 | Build | Farm |
| 9:38 | Queue | Villager (Male) |
| 9:39 | Queue | Villager (Male) |
| 9:46 | Build | House |
| 10:33 | Research | Loom |
| 10:54 | Age | Feudal Age |
| 11:02 | Build | Blacksmith |
| 11:07 | Build | Market |
| 11:39 | Build | Farm |
| 11:50 | Queue | Villager (Male) |
| 12:04 | Build | Farm |
| 12:51 | Research | Castle Age |
| 13:34 | Queue | Villager (Male) |
| 14:03 | Queue | Villager (Male) |
| 14:25 | Research | Double-Bit Axe |
| 14:27 | Age | Castle Age |
| 14:42 | Build | Castle |
| 14:48 | Queue | Villager (Male) |
| 15:14 | Research | Horse Collar |
| 15:33 | Queue | Villager (Male) |
| 15:35 | Build | House |
| 16:10 | Queue | Villager (Male) |
| 16:12 | Build | Farm |
| 16:27 | Queue | Villager (Male) |
| 16:40 | Build | Castle |
| 16:44 | Queue | Villager (Male) |
| 16:48 | Build | Farm |
| 16:50 | Build | Farm |
| 16:52 | Build | Farm |
| 17:05 | Queue | Villager (Male) |
| 17:08 | Build | Farm |
| 17:15 | Build | Farm |
| 17:31 | Queue | Villager (Male) |
| 17:53 | Queue | Villager (Male) |
| 18:04 | Queue | Villager (Male) |
| 18:08 | Build | Barracks |
| 18:10 | Queue | Karambit Warrior |
| 18:10 | Queue | Karambit Warrior |
| 18:10 | Queue | Karambit Warrior |
| 18:10 | Queue | Karambit Warrior |
| 18:31 | Build | Farm |
| 18:45 | Queue | Petard |
| 18:45 | Queue | Petard |
| 18:50 | Queue | Karambit Warrior |
| 18:50 | Queue | Karambit Warrior |
| 19:16 | Queue | Karambit Warrior |
| 19:16 | Queue | Karambit Warrior |
| 19:17 | Queue | Villager (Male) |
| 19:17 | Queue | Villager (Male) |
| 19:22 | Build | Farm |
| 19:23 | Build | Farm |
| 19:24 | Build | Farm |
| 19:36 | Queue | Villager (Male) |
| 19:48 | Queue | Villager (Male) |
| 19:50 | Build | Farm |
| 20:28 | Queue | Karambit Warrior |
| 20:28 | Queue | Karambit Warrior |
| 20:28 | Queue | Karambit Warrior |
| 20:28 | Queue | Karambit Warrior |
| 20:35 | Queue | Villager (Male) |
| 20:37 | Queue | Villager (Male) |
| 20:59 | Build | Castle |
| 21:25 | Build | Monastery |
| 21:37 | Queue | Karambit Warrior |
| 21:38 | Queue | Karambit Warrior |
| 21:38 | Queue | Karambit Warrior |
| 21:39 | Queue | Villager (Male) |
| 21:39 | Queue | Villager (Male) |
| 21:48 | Research | Squires |
| 21:57 | Queue | Villager (Male) |
| 22:02 | Build | Farm |
| 22:03 | Build | Farm |
| 22:05 | Queue | Monk |
| 22:05 | Queue | Monk |
| 22:05 | Queue | Monk |
| 22:12 | Build | Farm |
| 22:37 | Queue | Villager (Male) |
| 22:37 | Queue | Villager (Male) |
| 22:37 | Queue | Villager (Male) |
| 22:38 | Queue | Villager (Male) |
| 22:42 | Build | Town Center |
| 22:50 | Queue | Monk |
| 23:22 | Queue | Villager (Male) |
| 23:31 | Queue | Monk |
| 23:40 | Build | Castle |
| 23:49 | Queue | Monk |
| 23:58 | Queue | Villager (Male) |
| 24:15 | Build | Castle |
| 24:23 | Build | Farm |
| 24:24 | Build | Farm |
| 24:24 | Build | Farm |
| 24:26 | Queue | Villager (Male) |
| 24:26 | Queue | Villager (Male) |
| 24:35 | Queue | Villager (Male) |
| 25:12 | Build | Palisade Wall |
| 25:13 | Build | Palisade Wall |
| 25:14 | Build | Palisade Wall |
| 25:16 | Build | House |
| 25:18 | Build | House |
| 25:37 | Queue | Karambit Warrior |
| 25:38 | Queue | Karambit Warrior |
| 25:38 | Queue | Karambit Warrior |
| 25:47 | Build | Palisade Wall |
| 26:15 | Build | Mining Camp |
Build order — CTMl cachi
First 150 of 392 actions detected
| 0:01 | Queue | Villager (Male) |
| 0:02 | Queue | Villager (Male) |
| 0:02 | Queue | Villager (Male) |
| 0:03 | Build | House |
| 0:05 | Build | House |
| 0:09 | Queue | Villager (Male) |
| 0:09 | Queue | Villager (Male) |
| 1:29 | Queue | Villager (Male) |
| 1:29 | Queue | Villager (Male) |
| 1:54 | Queue | Villager (Male) |
| 1:54 | Queue | Villager (Male) |
| 1:54 | Queue | Villager (Male) |
| 1:58 | Build | Settlement |
| 2:16 | Queue | Villager (Male) |
| 2:17 | Queue | Villager (Male) |
| 2:38 | Queue | Villager (Male) |
| 2:38 | Queue | Villager (Male) |
| 2:38 | Queue | Villager (Male) |
| 2:50 | Queue | Villager (Male) |
| 2:50 | Queue | Villager (Male) |
| 2:50 | Queue | Villager (Male) |
| 3:20 | Queue | Villager (Male) |
| 3:21 | Queue | Villager (Male) |
| 3:51 | Queue | Villager (Male) |
| 4:21 | Queue | Villager (Male) |
| 4:21 | Queue | Villager (Male) |
| 4:21 | Queue | Villager (Male) |
| 4:57 | Queue | Villager (Male) |
| 4:57 | Queue | Villager (Male) |
| 4:57 | Queue | Villager (Male) |
| 5:06 | Build | Settlement |
| 5:06 | Queue | Villager (Male) |
| 5:06 | Queue | Villager (Male) |
| 5:28 | Queue | Villager (Male) |
| 5:28 | Queue | Villager (Male) |
| 5:40 | Queue | Villager (Male) |
| 5:40 | Queue | Villager (Male) |
| 7:36 | Research | Feudal Age |
| 8:23 | Build | House |
| 8:24 | Build | House |
| 8:32 | Build | House |
| 9:40 | Research | Loom |
| 9:41 | Queue | Villager (Male) |
| 9:53 | Build | Market |
| 9:57 | Build | Blacksmith |
| 10:06 | Build | Watch Tower |
| 10:13 | Queue | Villager (Male) |
| 10:29 | Queue | Villager (Male) |
| 10:35 | Queue | Villager (Male) |
| 11:16 | Build | Stone Wall |
| 11:17 | Build | Stone Wall |
| 11:18 | Build | Stone Wall |
| 11:31 | Build | Stone Wall |
| 11:35 | Build | Stone Wall |
| 11:37 | Build | Stone Wall |
| 11:37 | Build | Stone Wall |
| 11:38 | Build | Stone Wall |
| 11:38 | Build | Stone Wall |
| 11:39 | Build | Stone Wall |
| 11:52 | Research | Castle Age |
| 11:52 | Research | Castle Age |
| 12:48 | Queue | Spearman |
| 13:00 | Build | Stone Wall |
| 13:22 | Build | Stone Wall |
| 13:28 | Build | Gate |
| 13:34 | Build | Stone Wall |
| 13:38 | Queue | Villager (Male) |
| 14:38 | Queue | Villager (Male) |
| 14:45 | Build | House |
| 15:02 | Build | Castle |
| 15:16 | Build | Farm |
| 15:18 | Queue | Villager (Male) |
| 15:57 | Queue | Kona |
| 15:58 | Queue | Kona |
| 15:58 | Queue | Kona |
| 16:09 | Build | Farm |
| 16:18 | Build | Settlement |
| 16:41 | Build | Farm |
| 16:42 | Build | Farm |
| 17:02 | Queue | Petard |
| 17:02 | Queue | Petard |
| 17:20 | Queue | Villager (Male) |
| 17:20 | Queue | Villager (Male) |
| 17:29 | Build | Farm |
| 17:29 | Queue | Kona |
| 17:29 | Queue | Kona |
| 17:50 | Build | Farm |
| 18:25 | Queue | Kona |
| 18:26 | Queue | Kona |
| 18:48 | Queue | Kona |
| 18:48 | Queue | Kona |
| 19:24 | Queue | Kona |
| 19:24 | Queue | Kona |
| 19:32 | Build | Farm |
| 19:33 | Build | Farm |
| 19:34 | Build | Farm |
| 19:53 | Queue | Kona |
| 19:53 | Queue | Kona |
| 19:53 | Queue | Kona |
| 20:08 | Queue | Villager (Male) |
| 20:25 | Build | Farm |
| 20:28 | Queue | Kona |
| 20:28 | Queue | Kona |
| 20:45 | Queue | Kona |
| 20:45 | Queue | Kona |
| 21:04 | Queue | Villager (Male) |
| 21:13 | Build | Siege Workshop |
| 21:17 | Queue | Villager (Male) |
| 21:18 | Queue | Villager (Male) |
| 21:35 | Queue | Villager (Male) |
| 21:35 | Queue | Villager (Male) |
| 22:02 | Queue | Mangonel |
| 22:06 | Build | Outpost |
| 22:23 | Queue | Villager (Male) |
| 22:38 | Queue | Petard |
| 22:38 | Queue | Petard |
| 22:38 | Queue | Petard |
| 23:13 | Queue | Villager (Male) |
| 23:31 | Queue | Petard |
| 23:31 | Queue | Kona |
| 23:41 | Queue | Villager (Male) |
| 23:42 | Queue | Villager (Male) |
| 24:15 | Queue | Villager (Male) |
| 24:15 | Queue | Villager (Male) |
| 24:15 | Queue | Villager (Male) |
| 24:21 | Build | Town Center |
| 24:37 | Queue | Villager (Male) |
| 24:37 | Queue | Villager (Male) |
| 24:57 | Queue | Villager (Male) |
| 24:57 | Queue | Villager (Male) |
| 25:09 | Queue | Villager (Male) |
| 25:10 | Queue | Villager (Male) |
| 25:30 | Queue | Villager (Male) |
| 25:38 | Queue | Villager (Male) |
| 25:38 | Queue | Villager (Male) |
| 26:03 | Queue | Villager (Male) |
| 26:03 | Queue | Villager (Male) |
| 26:19 | Queue | Villager (Male) |
| 26:19 | Queue | Villager (Male) |
| 26:36 | Queue | Villager (Male) |
| 26:36 | Queue | Villager (Male) |
| 26:47 | Queue | Villager (Male) |
| 26:47 | Queue | Villager (Male) |
| 26:57 | Queue | Villager (Male) |
| 26:57 | Queue | Villager (Male) |
| 27:13 | Build | Town Center |
| 27:21 | Build | Gate |
| 27:22 | Queue | Villager (Male) |
| 27:22 | Queue | Villager (Male) |
| 27:27 | Queue | Villager (Male) |
Build order — CTM | Carpincho
First 150 of 425 actions detected
| 0:01 | Queue | Villager (Male) |
| 0:02 | Queue | Villager (Male) |
| 0:02 | Queue | Villager (Male) |
| 0:03 | Build | House |
| 0:04 | Build | House |
| 1:20 | Queue | Villager (Male) |
| 1:27 | Queue | Villager (Male) |
| 1:28 | Queue | Villager (Male) |
| 2:09 | Queue | Villager (Male) |
| 2:10 | Queue | Villager (Male) |
| 2:19 | Build | Lumber Camp |
| 2:29 | Queue | Villager (Male) |
| 2:29 | Queue | Villager (Male) |
| 2:50 | Queue | Villager (Male) |
| 2:50 | Queue | Villager (Male) |
| 3:13 | Queue | Villager (Male) |
| 3:14 | Queue | Villager (Male) |
| 3:48 | Queue | Villager (Male) |
| 3:48 | Queue | Villager (Male) |
| 4:04 | Queue | Villager (Male) |
| 4:31 | Build | House |
| 4:36 | Research | Loom |
| 4:45 | Research | Double-Bit Axe |
| 5:08 | Queue | Villager (Male) |
| 5:08 | Queue | Villager (Male) |
| 5:19 | Build | Mill |
| 5:49 | Queue | Villager (Male) |
| 6:01 | Build | House |
| 6:02 | Build | House |
| 6:14 | Queue | Villager (Male) |
| 6:31 | Queue | Villager (Male) |
| 6:31 | Queue | Villager (Male) |
| 6:52 | Build | Mining Camp |
| 7:12 | Queue | Villager (Male) |
| 7:23 | Queue | Villager (Male) |
| 7:37 | Queue | Villager (Male) |
| 7:38 | Queue | Villager (Male) |
| 8:05 | Research | Horse Collar |
| 8:33 | Queue | Villager (Male) |
| 8:42 | Build | Farm |
| 9:03 | Build | Farm |
| 9:12 | Research | Feudal Age |
| 9:20 | Build | Farm |
| 10:19 | Build | Barracks |
| 11:28 | Age | Feudal Age |
| 11:28 | Queue | Villager (Male) |
| 11:29 | Queue | Villager (Male) |
| 11:31 | Build | Blacksmith |
| 11:33 | Build | Stable |
| 12:11 | Build | House |
| 12:25 | Queue | Villager (Male) |
| 12:42 | Research | Castle Age |
| 12:55 | Build | Farm |
| 12:57 | Build | Farm |
| 13:00 | Build | Farm |
| 13:13 | Queue | Villager (Male) |
| 13:23 | Queue | Scout Cavalry |
| 13:26 | Build | Farm |
| 13:29 | Build | House |
| 13:29 | Build | House |
| 13:45 | Build | Farm |
| 13:52 | Queue | Scout Cavalry |
| 14:11 | Queue | Villager (Male) |
| 14:46 | Queue | Scout Cavalry |
| 15:07 | Queue | Villager (Male) |
| 15:22 | Age | Castle Age |
| 15:24 | Queue | Villager (Male) |
| 15:31 | Queue | Knight |
| 15:40 | Build | Monastery |
| 15:55 | Queue | Villager (Male) |
| 15:55 | Queue | Villager (Male) |
| 15:55 | Queue | Villager (Male) |
| 15:58 | Queue | Knight |
| 15:59 | Queue | Knight |
| 16:08 | Build | Town Center |
| 16:25 | Queue | Villager (Male) |
| 16:37 | Queue | Villager (Male) |
| 16:37 | Queue | Villager (Male) |
| 16:39 | Queue | Villager (Male) |
| 16:53 | Build | Mining Camp |
| 16:59 | Queue | Villager (Male) |
| 17:06 | Queue | Villager (Male) |
| 17:06 | Queue | Villager (Male) |
| 17:19 | Queue | Villager (Male) |
| 17:19 | Queue | Villager (Male) |
| 17:33 | Build | Farm |
| 17:33 | Build | Farm |
| 17:33 | Build | Farm |
| 17:33 | Build | Farm |
| 17:40 | Queue | Villager (Male) |
| 17:40 | Queue | Villager (Male) |
| 17:43 | Build | Mining Camp |
| 17:53 | Queue | Monk |
| 18:17 | Queue | Villager (Male) |
| 18:17 | Queue | Villager (Male) |
| 18:28 | Queue | Villager (Male) |
| 18:28 | Queue | Villager (Male) |
| 18:31 | Build | Farm |
| 18:32 | Build | Farm |
| 18:38 | Queue | Villager (Male) |
| 18:38 | Queue | Villager (Male) |
| 18:48 | Queue | Villager (Male) |
| 18:48 | Queue | Villager (Male) |
| 18:58 | Queue | Monk |
| 19:18 | Build | Town Center |
| 19:20 | Queue | Villager (Male) |
| 19:34 | Build | House |
| 19:34 | Build | House |
| 19:36 | Build | House |
| 19:41 | Queue | Knight |
| 19:44 | Queue | Knight |
| 19:49 | Queue | Villager (Male) |
| 19:50 | Queue | Villager (Male) |
| 20:15 | Build | Stone Wall |
| 20:16 | Build | Stone Wall |
| 20:22 | Build | Stone Wall |
| 20:24 | Build | Stone Wall |
| 20:31 | Queue | Villager (Male) |
| 20:31 | Queue | Villager (Male) |
| 20:39 | Queue | Monk |
| 20:41 | Queue | Villager (Male) |
| 20:51 | Research | Cavalier (upgrade) |
| 20:58 | Queue | Villager (Male) |
| 20:59 | Queue | Villager (Male) |
| 21:01 | Build | Farm |
| 21:01 | Build | Farm |
| 21:01 | Build | Farm |
| 21:02 | Build | Farm |
| 21:02 | Build | Farm |
| 21:11 | Queue | Villager (Male) |
| 21:11 | Queue | Villager (Male) |
| 21:19 | Queue | Villager (Male) |
| 21:19 | Queue | Villager (Male) |
| 21:25 | Queue | Villager (Male) |
| 21:25 | Queue | Villager (Male) |
| 21:27 | Build | Farm |
| 21:36 | Queue | Villager (Male) |
| 21:40 | Build | Stone Wall |
| 21:45 | Build | Stone Wall |
| 22:04 | Build | Mining Camp |
| 22:05 | Queue | Villager (Male) |
| 22:05 | Queue | Villager (Male) |
| 22:05 | Queue | Villager (Male) |
| 22:06 | Queue | Villager (Male) |
| 22:07 | Build | House |
| 22:08 | Build | House |
| 22:17 | Queue | Villager (Male) |
| 22:20 | Queue | Knight |
| 22:28 | Queue | Villager (Male) |
| 22:34 | Build | Monastery |
Match timeline
| 8:17 | CTM | SMH · age_up feudal |
| 10:19 | CTM | Carpincho · first_building Barracks |
| 10:54 | CTM | KanChon · age_up feudal |
| 11:16 | CTMl cachi · wall_segment Stone Wall x1 |
| 11:17 | CTMl cachi · wall_segment Stone Wall x1 |
| 11:18 | CTMl cachi · wall_segment Stone Wall x1 |
| 11:28 | CTM | Carpincho · age_up feudal |
| 11:31 | CTMl cachi · wall_segment Stone Wall x1 |
| 11:33 | CTM | Carpincho · first_building Stable |
| 11:35 | CTMl cachi · wall_segment Stone Wall x1 |
| 11:37 | CTMl cachi · wall_segment Stone Wall x1 |
| 11:37 | CTMl cachi · wall_segment Stone Wall x1 |
| 11:38 | CTMl cachi · wall_segment Stone Wall x1 |
| 11:38 | CTMl cachi · wall_segment Stone Wall x1 |
| 11:39 | CTMl cachi · wall_segment Stone Wall x1 |
| 11:48 | CTMl cachi · first_market_sell 100 stone |
| 13:00 | CTMl cachi · wall_segment Stone Wall x1 |
| 13:22 | CTMl cachi · wall_segment Stone Wall x1 |
| 13:34 | CTMl cachi · wall_segment Stone Wall x1 |
| 14:24 | CTMl cachi · first_market_buy 100 stone |
| 14:27 | CTM | KanChon · age_up castle |
| 14:42 | CTM | KanChon · first_building Castle |
| 15:02 | CTMl cachi · first_building Castle |
| 15:22 | CTM | Carpincho · age_up castle |
| 15:40 | CTM | Carpincho · first_building Monastery |
| 17:00 | CTM | SMH · wall_segment Stone Wall x2 |
| 17:05 | CTM | SMH · wall_segment Stone Wall x1 |
| 17:07 | CTM | SMH · wall_segment Stone Wall x1 |
| 17:07 | CTM | SMH · wall_segment Stone Wall x1 |
| 17:43 | CTM | KanChon · first_market_buy 100 wood |
| 18:08 | CTM | KanChon · first_building Barracks |
| 18:16 | CTM | SMH · wall_segment Stone Wall x5 |
| 18:36 | CTM | SMH · wall_segment Stone Wall x1 |
| 18:37 | CTM | SMH · wall_segment Stone Wall x1 |
| 18:47 | CTM | SMH · wall_segment Stone Wall x1 |
| 18:48 | CTM | SMH · wall_segment Stone Wall x1 |
| 18:50 | CTM | SMH · wall_segment Stone Wall x1 |
| 18:51 | CTM | SMH · wall_segment Stone Wall x1 |
| 19:04 | CTM | SMH · wall_segment Stone Wall x1 |
| 19:23 | CTM | SMH · wall_segment Stone Wall x1 |
| 19:25 | CTM | SMH · wall_segment Stone Wall x1 |
| 19:28 | CTM | SMH · wall_segment Stone Wall x1 |
| 19:37 | CTM | SMH · wall_segment Stone Wall x1 |
| 19:38 | CTM | SMH · wall_segment Stone Wall x1 |
| 19:39 | CTM | SMH · wall_segment Stone Wall x1 |
| 19:41 | CTM | SMH · wall_segment Stone Wall x1 |
| 19:42 | CTM | SMH · wall_segment Stone Wall x1 |
| 20:15 | CTM | Carpincho · wall_segment Stone Wall x1 |
| 20:16 | CTM | Carpincho · wall_segment Stone Wall x1 |
| 20:22 | CTM | Carpincho · wall_segment Stone Wall x1 |
| 20:24 | CTM | Carpincho · wall_segment Stone Wall x1 |
| 20:33 | CTM | SMH · age_up castle |
| 20:39 | CTM | SMH · first_market_buy 100 wood |
| 20:42 | CTM | SMH · first_building Monastery |
| 21:13 | CTMl cachi · first_building Siege Workshop |
| 21:25 | CTM | KanChon · first_building Monastery |
| 21:40 | CTM | Carpincho · wall_segment Stone Wall x1 |
| 21:45 | CTM | Carpincho · wall_segment Stone Wall x1 |
| 21:53 | CTM | SMH · first_market_sell 100 food |
| 23:33 | CTM | Carpincho · first_building Castle |
| 24:00 | CTM | Carpincho · wall_segment Stone Wall x1 |
| 25:12 | CTM | KanChon · wall_segment Palisade Wall x1 |
| 25:13 | CTM | KanChon · wall_segment Palisade Wall x1 |
| 25:14 | CTM | KanChon · wall_segment Palisade Wall x1 |
| 25:47 | CTM | KanChon · wall_segment Palisade Wall x1 |
| 25:58 | CTM | SMH · first_building Castle |
| 26:06 | CTM | KanChon · first_market_sell 100 wood |
| 27:29 | CTM | Carpincho · wall_segment Stone Wall x1 |
| 29:38 | CTM | KanChon · age_up imperial |
| 32:24 | CTMl cachi · first_building Barracks |
| 32:30 | CTM | Carpincho · first_building Archery Range |
| 32:40 | CTM | Carpincho · first_market_buy 100 wood |
| 32:52 | CTM | Carpincho · age_up imperial |
| 33:40 | CTMl cachi · first_building Archery Range |
| 35:09 | CTM | KanChon · first_building Archery Range |
| 36:36 | CTM | Carpincho · first_building Siege Workshop |
| 36:37 | CTM | SMH · first_building Barracks |
| 37:44 | CTM | SMH · first_building Stable |
| 38:09 | CTM | SMH · wall_segment Palisade Wall x1 |
| 38:32 | CTM | SMH · age_up imperial |
| 39:23 | CTM | SMH · first_building Archery Range |
| 41:29 | CTM | KanChon · resign |
[ AI ANALYSIS · 1 CREDIT ]
What really happened in this match?
Wolo.gg analyzes every decision: build order, eco, micro, common mistakes by bracket. Personalized analysis on WhatsApp or Discord in 30 seconds.
Civ guide
Khitans
Perfil
CTM | SMH